Map: Arctic Dream LE

Players

qqq

  • Race: Zerg Zerg
  • Spawn Location: 12:00

Massa

  • Race: Terran Terran
  • League: Platinum
  • Spawn Location: 11:00

Reuvein - Winner!

  • Race: Protoss Protoss
  • Spawn Location: 6:00

Archonhaz - Winner!

  • Race: Terran Terran
  • League: Platinum
  • Spawn Location: 5:00

VOD

Have the link to the VOD?

Description

Time

  • Played on: Oct. 29, 2020, 4:53 p.m.
  • Length: 14:55
Show
View Real Time Build Order
Export as new Build Order

qqq Zerg 

Build Orders: Hatch First 

Get SALT Encoding   

  12  0:01  Drone  
  13  0:09  Drone  
  14  0:36  Hatchery  
  14  0:40  Drone  
  14  0:56  Spawning Pool  
  13  1:04  Overlord  
  13  1:08  Drone  
  14  1:11  Extractor  
  14  1:15  Drone  
  14  1:24  Drone  
  15  1:32  Drone  
  16  1:37  Drone  
  17  1:53  Extractor, Drone  
  17  1:55  Drone  
  17  2:00  Queen  
  20  2:08  Drone  
  20  2:19  Zergling x2  
  20  2:21  Zergling x4  
  23  2:23  Drone  
  23  2:24  Drone  
  25  2:42  Hatchery  
  24  2:55  Metabolic Boost  
  24  2:56  Overlord  
  21  3:24  Drone x4  
  25  3:27  Extractor, Zergling x2  
  25  3:29  Zergling x2  
  26  3:44  Zergling x2  
  27  3:49  Drone  
  29  3:55  Drone  
  29  3:58  Queen  
  31  4:09  Hatchery  
  31  4:10  Zergling x4  
  31  4:12  Overlord  
  31  4:14  Drone  
  33  4:19  Zergling x2  
  33  4:21  Zergling x2  
  33  4:35  Zergling x6  
  33  4:37  Drone x2  
  37  4:52  Zergling x4  
  39  4:53  Drone x2  
  41  5:14  Zergling x4  
  43  5:15  Drone  
  43  5:19  Lair  
  44  5:22  Overlord x2  
  44  5:23  Overlord  
  44  5:43  Drone  
  44  5:44  Zergling x2  
  44  5:45  Drone x3  
  44  5:47  Hatchery  
  48  5:54  Drone  
  48  5:55  Evolution Chamber  
  48  5:58  Drone, Evolution Chamber  
  48  6:02  Drone  
  48  6:03  Drone  
  50  6:08  Spore Crawler  
  49  6:12  Spore Crawler  
  49  6:17  Zergling x4  
  49  6:18  Drone x2  
  52  6:43  Pneumatized Carapace  
  52  6:44  Drone x5  
  52  6:45  Drone x5  
  62  6:50  Zerg Melee Weapons Level 1  
  62  6:53  Zerg Ground Armor Level 1  
  62  6:58  Drone  
  62  7:00  Drone, Infestation Pit  
  61  7:24  Drone, Zergling x6  
  61  7:25  Drone x8  
  72  7:47  Zergling x4  
  72  7:48  Drone x5  
  74  8:05  Spire  
  74  8:09  Drone x4  
  74  8:10  Drone x3  
  74  8:13  Extractor  
  74  8:14  Extractor  
  74  8:15  Extractor x2  
  74  8:16  Queen  
  74  8:17  Extractor  
  74  8:18  Extractor  
  67  8:47  Zerg Melee Weapons Level 2  
  67  8:48  Hatchery  
  67  8:49  Hatchery, Hive  
  67  8:51  Hatchery  
  67  8:52  Drone x6  
  70  9:13  Overlord x2  
  70  9:14  Hydralisk Den, Overlord x4  
  70  9:15  Overlord x8  
  70  9:16  Overlord  
  69  9:17  Drone x3  
  72  9:34  Drone  
  73  9:44  Corruptor x5  
  83  9:48  Zerg Flyer Armor Level 1  
  83  9:49  Corruptor x2  
  83  9:50  Corruptor x2  
  91  9:55  Corruptor  
  91  9:59  Corruptor  
  93  10:02  Corruptor  
  93  10:06  Drone x3  
  100  10:07  Drone  
  100  10:10  Corruptor  
  103  10:20  Corruptor x2  
  107  10:22  Corruptor  
  107  10:23  Drone  
  96  10:47  Mutalisk x2  
  96  10:48  Mutalisk x8  
  104  10:51  Drone  
  97  10:58  Hydralisk x2  
  97  11:03  Hydralisk  
  101  11:06  Drone x2  
  101  11:10  Drone x2  
  105  11:13  Drone  
  105  11:17  Drone x2  
  105  11:18  Drone  
  109  11:23  Drone x2  
  111  11:30  Corruptor  
  111  11:32  Drone x3  
  116  11:34  Drone  
  116  11:35  Drone  
  118  11:42  Zerg Flyer Weapons Level 1  
  118  11:48  Drone  
  118  11:49  Drone x8  
  118  11:50  Drone  
  118  11:52  Zergling x2  
  118  11:53  Zergling x2  
  126  12:18  Muscular Augments  
  126  12:19  Ultralisk Cavern  
  126  12:20  Mutalisk x2  
  126  12:21  Mutalisk x2  
  126  12:22  Drone x2  
  134  12:23  Drone x5  
  134  12:24  Lurker Den  
  60  13:16  Corruptor  
  60  13:17  Corruptor x2  
  64  13:20  Corruptor x5  
  64  13:21  Corruptor x2  
  64  13:24  Corruptor  
  80  13:38  Corruptor x2  
  84  13:41  Corruptor  
  86  13:52  Corruptor  
  86  14:10  Corruptor x3  
  96  14:35  Hatchery  
  94  14:42  Hatchery  
Show
View Real Time Build Order
Export as new Build Order

Massa Terran 

Build Orders:  

Get SALT Encoding   

  12  0:00  SCV  
  13  0:12  SCV  
  14  0:17  Supply Depot  
  14  0:24  SCV  
  15  0:38  SCV  
  16  0:43  Barracks  
  16  0:50  SCV  
  17  1:03  SCV, Supply Depot  
  18  1:05  Refinery  
  18  1:15  SCV  
  19  1:35  Command Center  
  19  1:37  Marine  
  20  1:43  Orbital Command  
  20  1:58  Refinery  
  20  2:01  Marine  
  21  2:11  SCV, Barracks  
  22  2:19  Marine  
  22  2:40  SCV  
  23  2:45  Factory  
  25  2:51  Orbital Command  
  23  2:53  SCV  
  24  3:00  Marine  
  24  3:05  SCV  
  26  3:16  Marine  
  26  3:18  Marine  
  28  3:31  Factory Tech Lab  
  28  3:54  Siege Tank  
  31  4:00  SCV  
  31  4:01  SCV  
  33  4:07  Reaper  
  34  4:12  SCV  
  34  4:13  SCV  
  36  4:22  Reaper  
  35  4:26  Siege Tank  
  38  4:37  Supply Depot  
  38  4:38  Supply Depot  
  38  4:48  Barracks  
  38  4:49  Barracks  
  38  4:54  SCV  
  38  4:58  Reaper  
  38  4:59  SCV  
  38  5:01  Supply Depot  
  38  5:03  Supply Depot  
  38  5:07  SCV  
  34  5:11  SCV  
  35  5:19  SCV  
  36  5:21  Siege Tank  
  36  5:23  SCV  
  36  5:25  Supply Depot  
  40  5:29  Marine  
  41  5:42  Barracks  
  41  5:44  Barracks Tech Lab  
  41  5:48  Barracks Reactor  
  41  5:53  Engineering Bay  
  41  5:54  Refinery  
  41  5:55  SCV  
  41  5:56  Refinery, SCV  
  43  6:04  Command Center  
  43  6:06  Marine  
  43  6:07  SCV  
  43  6:08  SCV, Marauder  
  48  6:19  SCV  
  48  6:20  SCV  
  50  6:30  Marauder  
  50  6:31  SCV  
  50  6:32  SCV  
  53  6:43  SCV  
  53  6:44  SCV  
  53  6:45  Barracks Tech Lab  
  55  6:51  Marauder  
  55  6:52  Missile Turret x2  
  55  6:53  Missile Turret  
  57  6:55  SCV  
  58  7:04  Stimpack  
  58  7:13  Marauder  
  58  7:14  Missile Turret x2  
  60  7:16  Barracks Reactor  
  58  7:34  Marauder  
  60  7:44  Marauder  
  60  7:45  Marine x2  
  60  7:51  Siege Tank  
  68  7:54  Barracks Reactor  
  68  7:55  Marauder  
  69  8:02  Marine  
  69  8:03  Marine  
  71  8:06  Marauder, Marine x2  
  71  8:09  SCV x2  
  77  8:20  Marine  
  77  8:22  Starport  
  78  8:28  Command Center  
  78  8:30  Supply Depot  
  78  8:33  Supply Depot  
  78  8:44  Combat Shield  
  78  8:52  SCV x2, Marauder, Marine x4  
  78  8:55  Marauder, Marine x2, Siege Tank  
  93  9:01  Terran Infantry Weapons Level 1  
  93  9:02  Armory  
  93  9:04  SCV  
  94  9:12  Starport Reactor  
  94  9:22  Supply Depot x2  
  94  9:23  Supply Depot  
  94  9:27  Concussive Shells  
  94  9:39  SCV x2, Marine x7  
  94  9:40  Marauder  
  94  9:41  Orbital Command  
  105  9:47  Supply Depot  
  105  9:48  Missile Turret  
  105  9:51  SCV x2  
  107  9:57  Marine x7  
  107  9:59  Missile Turret, Viking x2  
  118  10:00  Marine  
  118  10:03  SCV x2  
  109  10:15  Marine x7  
  109  10:16  SCV x2  
  109  10:18  Marine  
  102  10:28  SCV  
  104  10:29  Viking x2  
  104  10:32  Marine x7  
  114  10:36  SCV, Marine  
  114  10:40  SCV  
  115  10:48  SCV  
  116  10:50  Marine  
  116  10:52  SCV  
  116  10:54  Command Center  
  118  11:00  SCV  
  118  11:04  SCV  
  88  11:20  Marine x8  
  82  11:30  Siege Tank  
  85  11:35  Viking x2  
  85  11:38  Marine x6  
  97  11:44  Marauder  
  97  11:47  Marauder  
  99  11:55  Marine  
  99  11:56  Marine x5  
  105  12:02  Siege Tank  
  105  12:06  Marauder  
  105  12:08  Marauder  
  112  12:13  Marine  
  112  12:14  Marine x5  
  118  12:16  Orbital Command  
  118  12:20  Terran Infantry Armor Level 1  
  118  12:27  Marauder  
  118  12:29  Marauder  
  122  12:31  Marine  
  122  12:33  Medivac x2  
  122  12:34  Siege Tank  
  128  12:49  Marauder  
  128  12:51  Marauder  
  113  13:03  Marine, Medivac  
  113  13:04  Marine x4  
  82  13:07  Marine  
  82  13:10  Marauder  
  82  13:12  Marauder  
  81  13:14  Refinery  
  81  13:18  Refinery, Medivac  
  83  13:21  Marine  
  83  13:22  Marine x3  
  83  13:31  Marauder  
  83  13:33  Marauder  
  87  13:44  Marine x2  
  87  13:45  Marine x4  
  93  13:53  Marauder  
  93  13:55  Marauder  
  97  14:02  Marine x6  
  103  14:14  Marauder  
  103  14:16  Marauder  
  107  14:17  SCV  
  107  14:18  SCV x2  
  107  14:20  Marine x5  
  115  14:30  SCV x3  
  121  14:31  Command Center  
  121  14:33  Barracks  
  123  14:42  SCV  
Show
View Real Time Build Order
Export as new Build Order

Reuvein Protoss - Winner!

Build Orders: Cannon Rush, Carriers 

Get SALT Encoding   

  12  0:00  Probe  
  13  0:13  Pylon  
  13  0:18  Probe  
  14  0:30  Probe (Chrono Boost)  
  14  0:35  Forge  
  15  0:42  Probe (Chrono Boost)  
  17  0:50  Probe (Chrono Boost)  
  17  0:56  Probe  
  17  1:02  Pylon  
  18  1:08  Probe  
  19  1:16  Pylon  
  19  1:25  Pylon  
  19  1:28  Photon Cannon  
  19  1:36  Photon Cannon  
  19  1:48  Photon Cannon  
  19  2:11  Probe, Photon Cannon  
  19  2:14  Assimilator  
  20  2:16  Photon Cannon  
  20  2:30  Pylon  
  20  2:46  Probe  
  21  2:52  Gateway  
  21  2:57  Photon Cannon  
  21  2:59  Probe  
  21  3:02  Pylon  
  22  3:11  Probe  
  22  3:23  Probe  
  23  3:28  Nexus  
  23  3:35  Probe  
  23  3:54  Assimilator  
  23  3:58  Cybernetics Core  
  23  3:59  Probe (Chrono Boost)  
  23  4:01  Photon Cannon  
  24  4:09  Probe (Chrono Boost)  
  25  4:13  Probe (Chrono Boost)  
  25  4:14  Assimilator  
  25  4:16  Assimilator  
  26  4:25  Probe  
  28  4:40  Probe (Chrono Boost)  
  28  4:42  Probe (Chrono Boost)  
  29  4:52  Probe (Chrono Boost)  
  31  4:53  Probe (Chrono Boost), Stargate  
  31  4:58  Probe (Chrono Boost)  
  32  5:00  Protoss Air Weapons Level 1  
  32  5:01  Probe (Chrono Boost)  
  33  5:12  Probe (Chrono Boost)  
  33  5:13  Probe (Chrono Boost)  
  35  5:16  Probe (Chrono Boost)  
  35  5:20  Probe  
  37  5:22  Pylon  
  37  5:24  Pylon  
  37  5:28  Probe  
  38  5:32  Probe  
  38  5:35  Stargate  
  39  5:40  Probe (Chrono Boost)  
  39  5:41  Fleet Beacon  
  40  5:44  Probe (Chrono Boost)  
  41  5:52  Probe (Chrono Boost)  
  42  5:59  Probe (Chrono Boost)  
  43  6:07  Pylon  
  43  6:08  Shield Battery  
  43  6:20  Probe x2  
  43  6:22  Nexus  
  45  6:26  Assimilator  
  45  6:30  Assimilator  
  45  6:32  Probe x2  
  47  6:38  Carrier (Chrono Boost)  
  47  6:42  Carrier (Chrono Boost)  
  47  6:44  Probe x2  
  61  6:56  Probe  
  62  7:34  Pylon  
  62  7:37  Nexus  
  62  7:52  Probe x2, Carrier, Protoss Air Weapons Level 2  
  70  8:04  Probe  
  70  8:05  Probe  
  70  8:09  Carrier  
  69  8:16  Probe  
  70  8:38  Protoss Shields Level 1  
  70  8:45  Pylon  
  70  8:48  Pylon  
  70  8:49  Pylon  
  70  8:51  Probe x2 (Chrono Boost)  
  70  8:54  Probe (Chrono Boost)  
  70  8:55  Pylon  
  73  8:56  Carrier, Pylon  
  73  8:57  Photon Cannon  
  73  8:58  Probe (Chrono Boost)  
  73  8:59  Pylon  
  73  9:00  Probe (Chrono Boost)  
  73  9:02  Probe (Chrono Boost)  
  82  9:03  Probe (Chrono Boost)  
  82  9:09  Probe  
  84  9:13  Probe, Carrier  
  84  9:15  Probe  
  92  9:21  Probe  
  93  9:25  Probe  
  93  9:27  Probe  
  95  9:33  Probe  
  95  9:37  Probe  
  97  9:40  Probe  
  97  9:45  Probe  
  99  9:46  Photon Cannon  
  99  9:49  Probe, Twilight Council  
  99  9:52  Probe  
  101  9:54  Nexus  
  101  9:56  Assimilator  
  101  9:57  Probe  
  102  10:00  Assimilator  
  96  10:47  Carrier (Chrono Boost)  
  108  10:52  Carrier (Chrono Boost)  
  108  10:54  Probe x2, Mothership  
  108  10:56  Stargate  
  118  10:59  Stargate  
  115  11:06  Probe x2  
  115  11:11  Probe  
  116  11:18  Probe x2  
  116  11:23  Probe  
  119  11:30  Probe, Protoss Air Weapons Level 3  
  119  11:31  Probe  
  121  11:34  Pylon  
  121  11:36  Probe  
  121  11:37  Pylon  
  122  11:42  Probe  
  122  11:43  Probe  
  136  11:47  Carrier (Chrono Boost)  
  136  11:48  Probe  
  136  11:50  Carrier x2 (Chrono Boost)  
  136  11:53  Carrier (Chrono Boost)  
  149  11:55  Probe x2  
  149  11:58  Protoss Shields Level 2 (Chrono Boost)  
  149  12:00  Probe, Photon Cannon  
  152  12:02  Photon Cannon  
  152  12:06  Photon Cannon  
  152  12:07  Probe  
  147  12:45  Carrier  
  147  12:51  Carrier  
  159  12:56  Carrier  
  159  12:57  Carrier  
  147  13:49  Carrier  
  147  13:50  Probe x2  
  147  13:51  Probe x2  
  163  13:57  Nexus  
  163  14:00  Pylon, Assimilator  
  163  14:01  Pylon x2  
  163  14:02  Probe  
  164  14:03  Pylon  
  164  14:05  Assimilator  
  164  14:07  Probe x3, Pylon x2  
  164  14:08  Pylon  
  161  14:14  Probe  
  162  14:19  Probe x3  
Show
View Real Time Build Order
Export as new Build Order

Archonhaz Terran - Winner!

Build Orders:  

Get SALT Encoding   

  12  0:02  SCV  
  13  0:14  SCV  
  14  0:23  Supply Depot  
  14  0:26  SCV  
  15  0:44  SCV  
  15  0:46  Barracks  
  16  0:56  SCV  
  17  1:08  SCV  
  18  1:15  Refinery  
  18  1:25  Command Center  
  18  1:28  SCV  
  19  1:32  Marine  
  20  1:45  Orbital Command  
  20  1:56  Refinery  
  20  2:11  Barracks  
  20  2:16  SCV  
  20  2:18  Barracks  
  21  2:29  SCV  
  22  2:36  Reaper  
  23  2:41  SCV  
  25  2:48  Orbital Command  
  24  2:53  SCV  
  24  2:57  Barracks  
  25  3:01  Reaper  
  25  3:05  SCV  
  27  3:08  Reaper  
  27  3:09  Reaper  
  29  3:15  SCV  
  29  3:17  SCV  
  31  3:27  SCV  
  31  3:29  SCV, Barracks  
  31  3:32  Refinery  
  31  3:33  Reaper  
  34  3:35  Refinery  
  34  3:39  SCV  
  34  3:40  Reaper  
  34  3:41  Reaper, SCV  
  38  3:56  Supply Depot  
  38  3:59  Supply Depot  
  38  4:01  Supply Depot  
  38  4:18  SCV x2, Reaper  
  41  4:32  Reaper x4  
  45  4:50  Reaper  
  46  5:04  Reaper x4  
  43  5:17  SCV x2  
  45  5:27  Bunker  
  45  5:29  SCV  
  45  5:30  Engineering Bay  
  45  5:31  SCV  
  45  5:32  Factory  
  47  5:39  Command Center  
  47  5:40  Barracks Reactor x2, Barracks Tech Lab x2  
  47  5:41  Barracks Reactor, SCV  
  48  5:43  SCV  
  49  5:53  SCV  
  49  5:55  SCV  
  51  5:57  Terran Infantry Weapons Level 1  
  51  6:05  SCV  
  51  6:07  SCV  
  53  6:21  SCV  
  53  6:22  SCV  
  48  6:33  SCV  
  48  6:38  Marine x4  
  48  6:39  Marine x3  
  53  6:40  Combat Shield  
  53  6:41  Stimpack  
  53  6:42  SCV  
  53  6:45  SCV  
  55  6:51  Engineering Bay  
  55  6:54  SCV, Armory  
  55  6:55  Marine  
  55  6:56  Marine x4  
  55  6:57  Marauder, Marine x2  
  55  6:58  SCV  
  66  7:05  Orbital Command  
  66  7:07  SCV  
  67  7:08  Factory Tech Lab  
  67  7:10  SCV  
  67  7:12  Marine  
  67  7:13  Marine  
  70  7:16  Marine x2  
  70  7:17  Marine x3  
  70  7:19  Marauder  
  77  7:37  Starport  
  77  7:39  Starport  
  77  7:42  Marauder x2  
  81  7:47  Marine  
  81  7:57  Marine x3  
  79  7:58  Marine  
  79  7:59  Marine  
  79  8:04  Marauder x2  
  85  8:07  Terran Infantry Weapons Level 2  
  85  8:09  Terran Infantry Armor Level 1  
  85  8:29  Medivac x2  
  85  8:31  Supply Depot  
  85  8:32  SCV  
  85  8:33  SCV x2, Supply Depot  
  92  8:34  Supply Depot  
  92  8:38  Terran Vehicle And Ship Armor Level 1  
  92  8:42  Marine  
  92  8:47  Supply Depot  
  93  8:49  Supply Depot  
  93  8:50  Supply Depot  
  93  8:52  Marine x7, Supply Depot  
  100  8:59  Medivac x2  
  100  9:00  Marine  
  100  9:01  Orbital Command  
  105  9:10  Marine x5  
  105  9:14  Marine x2  
  112  9:17  Refinery  
  112  9:18  Refinery, Marine  
  113  9:28  Marine x2  
  113  9:29  Medivac  
  113  9:30  SCV x2  
  119  9:33  SCV  
  119  9:35  Marine x5  
  119  9:36  Marine  
  126  9:42  SCV x2  
  128  9:45  SCV  
  128  9:46  Starport Reactor, Marine x2, Command Center  
  131  9:52  Marine  
  131  9:53  Marine x2  
  134  10:16  Marauder x2, Marine x2  
  134  10:17  Marine x4  
  144  10:26  Medivac x2  
  148  10:29  Terran Infantry Weapons Level 3  
  148  10:30  Terran Infantry Armor Level 2, Starport Reactor  
  148  10:34  Marine  
  149  10:41  Marine x2  
  149  10:42  Marauder x2  
  149  10:58  Marine, Medivac x2  
  149  11:02  Marine x3  
  149  11:03  Marauder x2, Marine x2  
  159  11:09  Planetary Fortress  
  159  11:16  Marine  
  141  11:20  Marine  
  141  11:23  Marine x4  
  141  11:25  Marauder x2  
  143  11:28  Barracks  
  143  11:31  Barracks  
  142  11:33  Barracks, Marine  
  142  11:35  Barracks  
  142  11:36  Barracks  
  142  11:37  Barracks  
  142  11:38  Marine  
  142  11:39  Terran Vehicle And Ship Armor Level 2, Barracks  
  144  11:40  Marine  
  144  11:41  Marine x2, Medivac x2  
  144  11:46  Marauder x2  
  155  12:07  Marauder  
  157  12:19  Barracks  
  157  12:23  Barracks  
  157  12:26  Marine  
  157  12:27  Marine x5  
  157  12:29  Barracks Reactor  
  163  12:30  Barracks Reactor x6  
  163  12:33  Marine  
  164  12:44  Supply Depot x2  
  164  12:45  Supply Depot  
  164  12:46  Supply Depot  
  164  12:57  Marine  
  164  12:59  Marine  
  164  13:05  Marine x6  
  170  13:09  Supply Depot x2  
  170  13:10  Supply Depot  
  170  13:15  Marine  
  170  13:17  Marine  
  172  13:23  Marine x6  
  178  13:33  Marine  
  179  13:35  Marine  
  179  13:41  Marine x2  
  182  13:42  Marine  
  182  13:43  Marine x13  
  196  13:52  Command Center  
  196  14:17  Medivac  
  196  14:18  Medivac  
Tags
 
Add a new tag
Caveats
  • Supply blocks, unpowered buildings, or Contaminate may cause inaccurate times.
  • Supply counts are checked every 10 seconds.